Map: Prion Terraces

Players

MorN - Winner!

  • Race: Terran Terran

Crom

  • Race: Zerg Zerg

VOD

Have the link to the VOD?

Description

Time

  • Played on: Nov. 9, 2015, 6:49 p.m.
  • Length: 10:21
Show
View Real Time Build Order
Export as new Build Order

MorN Terran - Winner!

Build Orders: Reaper Expand, MMM Bio 

Get SALT Encoding   

  12  0:00  SCV  
  13  0:13  SCV  
  14  0:25  SCV  
  14  0:28  Supply Depot  
  15  0:49  SCV  
  16  0:51  Barracks  
  16  0:58  Refinery  
  16  1:01  SCV  
  17  1:14  SCV  
  18  1:26  SCV  
  19  1:43  Orbital Command  
  19  1:44  Reaper  
  20  1:48  Command Center  
  20  2:09  SCV  
  21  2:16  Supply Depot  
  21  2:17  Reaper  
  22  2:25  Command Center  
  22  2:27  SCV  
  23  2:39  SCV  
  24  2:54  Barracks Reactor  
  24  3:01  Factory  
  24  3:02  Orbital Command  
  24  3:06  SCV  
  25  3:18  SCV  
  26  3:23  Engineering Bay  
  26  3:24  Engineering Bay  
  26  3:25  Refinery  
  26  3:29  SCV  
  26  3:30  SCV  
  27  3:42  SCV  
  27  3:45  Orbital Command  
  27  3:49  SCV  
  27  3:52  Barracks Tech Lab  
  27  3:53  Hellion x2  
  27  3:54  SCV  
  33  4:01  SCV  
  34  4:06  SCV  
  34  4:07  Supply Depot  
  34  4:08  Terran Infantry Weapons Level 1, Orbital Command  
  34  4:09  Terran Infantry Armor Level 1  
  35  4:13  SCV  
  35  4:14  SCV  
  35  4:16  Marine  
  38  4:17  Hellion  
  38  4:18  SCV  
  38  4:21  Hellion  
  43  4:30  SCV  
  44  4:32  SCV  
  44  4:33  Supply Depot  
  44  4:35  Marine  
  44  4:36  Stimpack  
  46  4:39  Hellion  
  46  4:42  Hellion  
  50  4:51  SCV x2  
  52  4:55  Marine  
  52  4:57  SCV  
  54  5:06  Supply Depot  
  54  5:10  SCV x2  
  54  5:13  Barracks  
  54  5:14  Factory Reactor, Barracks  
  56  5:16  Marine  
  57  5:22  SCV  
  57  5:24  Refinery x2  
  57  5:25  Barracks  
  57  5:26  SCV x2  
  57  5:27  Barracks  
  60  5:29  Starport  
  60  5:31  Supply Depot  
  60  5:42  Marauder  
  60  5:45  SCV  
  60  5:47  Supply Depot  
  61  5:51  SCV  
  61  5:54  Supply Depot  
  62  6:02  Armory  
  62  6:05  Marine x2  
  62  6:07  Marauder, Factory Reactor, Starport Reactor  
  62  6:08  SCV  
  62  6:09  SCV  
  68  6:13  SCV  
  68  6:15  Supply Depot  
  68  6:16  Barracks Reactor x2, Marine  
  68  6:17  Marine  
  70  6:23  Marine x2  
  72  6:28  Marine  
  72  6:34  Supply Depot, Marine  
  72  6:35  Supply Depot  
  54  6:52  Marauder  
  54  6:54  Marine x3  
  43  6:55  Widow Mine x2, Medivac x2  
  52  7:05  Marine x5  
  52  7:06  SCV  
  52  7:09  Terran Infantry Weapons Level 2  
  52  7:14  Marauder  
  52  7:17  Supply Depot  
  52  7:22  Orbital Command  
  52  7:24  Marine x4  
  52  7:25  Marine  
  57  7:35  Marauder  
  53  7:50  Marine x8  
  61  7:53  Combat Shields  
  61  7:56  SCV x3, Marauder  
  66  7:59  Widow Mine x2  
  70  8:06  Medivac  
  70  8:08  SCV x3  
  70  8:09  Marine x2  
  77  8:18  Marauder  
  77  8:20  Marine x2  
  76  8:27  Marine x4  
  76  8:32  Marine x2  
  85  8:38  Marine  
  85  8:39  Marauder, Medivac  
  84  8:42  SCV  
  84  8:44  Orbital Command  
  84  8:48  Factory Tech Lab  
  75  8:55  Marine x2  
  75  8:56  Marine  
  75  9:01  Marine, Marauder  
  75  9:02  Marine x2  
  78  9:04  SCV  
  74  9:19  Marine x4  
  74  9:20  Marine  
  74  9:22  Marauder  
  76  9:25  SCV x2  
  78  9:31  Marine x3  
  78  9:37  Marine  
  80  9:43  Marauder  
  82  9:46  Marine x3  
  82  9:51  Marine x2  
  84  9:59  Marine x2  
  77  10:02  SCV x2  
Show
View Real Time Build Order
Export as new Build Order

Crom Zerg 

Build Orders: Hatch First 

Get SALT Encoding   

  12  0:01  Drone  
  13  0:13  Overlord  
  13  0:20  Drone  
  14  0:31  Drone  
  14  0:32  Drone  
  16  0:41  Drone  
  17  0:53  Hatchery  
  17  0:56  Drone  
  17  1:06  Drone  
  17  1:10  Extractor  
  17  1:16  Spawning Pool  
  16  1:19  Drone  
  16  1:23  Drone  
  18  1:32  Drone  
  20  1:54  Drone  
  20  2:04  Queen  
  20  2:05  Queen  
  20  2:07  Overlord  
  24  2:11  Drone x2  
  26  2:18  Metabolic Boost  
  26  2:24  Zergling x4  
  28  2:37  Drone x2  
  30  2:40  Queen  
  32  2:51  Drone x2  
  33  2:52  Overlord  
  33  3:02  Hatchery  
  32  3:07  Drone x2  
  34  3:15  Drone x3  
  37  3:28  Drone x3  
  40  3:49  Drone x3  
  40  3:51  Overlord  
  40  3:53  Lair  
  43  3:56  Drone, Extractor  
  43  3:57  Drone  
  44  4:11  Overlord x2  
  44  4:14  Drone x4  
  44  4:15  Roach Warren, Drone  
  48  4:27  Spine Crawler  
  48  4:28  Drone x5  
  52  4:34  Extractor  
  52  4:37  Overlord  
  50  4:46  Spore Crawler  
  50  4:50  Zergling x14  
  55  4:55  Roach x2  
  55  4:56  Roach  
  55  4:58  Overseer  
  61  5:04  Roach  
  61  5:05  Roach x4  
  71  5:17  Roach  
  71  5:21  Overlord  
  73  5:22  Overlord  
  73  5:42  Ravager x2  
  71  5:43  Ravager  
  71  5:46  Roach x3  
  71  5:47  Roach x3  
  83  5:56  Ravager x2  
  85  5:59  Roach x2  
  85  6:02  Zergling x2  
  85  6:03  Overlord x3, Zergling x2, Extractor  
  90  6:07  Extractor  
  90  6:08  Overlord  
  90  6:10  Ravager  
  90  6:22  Roach x5  
  99  6:30  Overlord  
  99  6:34  Drone x8  
  91  6:55  Drone x3  
  91  6:56  Overlord  
  92  7:01  Evolution Chamber  
  92  7:04  Evolution Chamber  
  86  7:11  Hatchery  
  86  7:14  Extractor  
  84  7:27  Zerg Missile Weapons Level 1  
  84  7:36  Roach  
  85  7:37  Roach x13  
  93  7:57  Ravager x2  
  93  7:58  Ravager x3  
  98  8:02  Drone x2  
  98  8:03  Drone x4  
  104  8:09  Glial Reconstitution  
  104  8:12  Overseer  
  102  8:20  Roach x2  
  102  8:21  Roach x4  
  111  8:27  Overlord  
  111  8:32  Overseer x3  
  111  8:39  Overlord  
  111  8:40  Drone x4  
  89  8:56  Roach x11  
  97  9:03  Ravager x2  
  99  9:11  Roach x2  
  99  9:12  Roach x2  
  104  9:28  Overseer  
  104  9:35  Roach x3  
  104  9:36  Roach x6  
  122  9:42  Overlord  
  122  9:43  Overlord  
  122  9:44  Overlord x2  
  120  9:58  Roach x5  
  120  9:59  Roach x2  
Tags
 
Add a new tag
Caveats
  • Supply blocks, unpowered buildings, or Contaminate may cause inaccurate times.
  • Supply counts are checked every 10 seconds.